 Dungeon Crawl Stone Soup version 0.19-a0-944-gb338e1e (webtiles) character file.

995 CInkIbrahim the Spear-Bearer (level 8, 0/50 HPs)
             Began as an Octopode Gladiator on July 9, 2016.
             Was an Initiate of Dithmenos.
             Slain by an orc warrior
             ... wielding a +0 battleaxe
              (20 damage)
             ... on level 6 of the Dungeon.
             The game lasted 00:09:19 (5282 turns).

CInkIbrahim the Spear-Bearer (Octopode Gladiator)   Turns: 5282, Time: 00:09:19

Health: 0/50       AC:  2    Str: 14      XL:     8   Next: 19%
Magic:  8/8        EV: 13    Int: 10      God:    Dithmenos [......]
Gold:   174        SH:  0    Dex: 14 (15) Spells: 0 memorised, 7 levels left

rFire  x . .     SeeInvis .     B - -1 halberd (curse)
rCold  + + .     Gourm    .     (shield currently unavailable)
rNeg   . . .     Faith    .     b - +1 hat
rPois  .         Spirit   .     (no amulet)
rElec  .         Dismiss  .     u - ring of ice
rCorr  +         Reflect  .     v - ring of resist corrosion
SustAt .         Harm     .     t - ring of protection from cold
MR     .....                    (no ring)
Stlth  ++........               (no ring)
                                (no ring)
                                (no ring)
                                (no ring)

@: not resistant to hostile enchantments, unstealthy
A: almost no armour, amphibious, 8 rings, constrict 8, camouflage 1, gelatinous
body 1
a: Renounce Religion


You were on level 6 of the Dungeon.
You worshipped Dithmenos.
Dithmenos was noncommittal.
You were hungry.

You visited 2 branches of the dungeon, and saw 7 of its levels.

You collected 174 gold pieces.

Inventory:

Hand Weapons
 a - a +1 trident
 B - a cursed -1 halberd (weapon)
Missiles
 c - 4 throwing nets (quivered)
 g - 4 needles of confusion
 C - 4 needles of frenzy
Armour
 b - a +1 hat (worn)
Jewellery
 t - a ring of protection from cold (on tentacle)
 u - a ring of ice (left tentacle)
 v - a ring of resist corrosion (right tentacle)
 w - an uncursed ring of ice
Wands
 x - a wand of acid (5/15)
Scrolls
 e - 2 scrolls of identify {unknown}
 f - 5 scrolls of remove curse
 j - 3 scrolls of fog {unknown}
 o - a scroll of blinking {unknown}
 p - 5 scrolls of teleportation {unknown}
 r - a scroll of amnesia {unknown}
 A - a scroll of enchant weapon
Potions
 h - 2 potions of berserk rage
 i - a potion of haste {unknown}
 l - a potion of beneficial mutation {unknown}
 m - a potion of lignification {unknown}
 n - 2 potions of degeneration {unknown}
 q - a potion of brilliance {unknown}
Books
 y - a book of Minor Magic

   Spells                             Type                      Level
   a - Magic Dart                     Conjuration                  1
   b - Blink                          Translocation                2
   c - Call Imp                       Summoning                    2
   d - Repel Missiles                 Charms/Air                   2
   e - Slow                           Hexes                        2
   f - Conjure Flame                  Conjuration/Fire             3
   g - Mephitic Cloud                 Conjuration/Poison/Air       3
Comestibles
 d - 5 bread rations
 k - a slice of pizza
 s - 3 fruits
 z - 2 meat rations


   Skills:
 - Level 2.0 Fighting
 + Level 9.7 Polearms
 - Level 2.0 Throwing
 - Level 3.0 Dodging


You had 7 spell levels left.
You didn't know any spells.

Dungeon Overview and Level Annotations

Branches:
Dungeon (6/15)             Temple (1/1) D:4

Altars:
Ashenzari
Cheibriados
Dithmenos
Fedhas
Hepliaklqana
Kikubaaqudgha
Makhleb
Nemelex Xobeh
Okawaru
Pakellas
Qazlal
Ru
Trog
Uskayaw
Vehumet
Xom
Yredelemnul
Zin
The Shining One

Shops:
D:5 (**(:


Innate Abilities, Weirdness & Mutations

You cannot wear most types of armour.
You are amphibious.
You can wear up to eight rings at the same time.
You can use your tentacles to constrict eight enemies at once.
Your skin changes colour to match your surroundings (Stealth+).
Your rubbery body absorbs attacks. (AC +1)


Message History

You puncture the quasit!
You kill the quasit!
Dithmenos accepts your kill.
You closely miss the orc warrior. You grab the orc warrior.
You squeeze the orc warrior, but do no damage.
You constrict the orc warrior.
The orc warrior hits you with a battleaxe!!
You barely miss the orc warrior.
The orc warrior is lightly wounded.
You constrict the orc warrior, but do no damage.
The orc warrior misses you.
You puncture the orc warrior!
You squeeze the orc warrior, but do no damage.
The orc warrior is moderately wounded.
You constrict the orc warrior. You hit the orc warrior.
You squeeze the orc warrior.
The orc warrior is heavily wounded.
You constrict the orc warrior.
The orc warrior hits you with a battleaxe!!
You die...

#.. #..#
## ...# .#
#... ..#
#.#.###..#
#........#
#...<....#
#....)...#
#.##@#...#
# #o#.#.#
.J# # #
..#. ##. .
#. ## ..
#.


You could see an orc warrior and an ooze.

Vanquished Creatures
  Menkaure (D:4)
  The ghost of CInkIbrahim the Poker, an amateur OpGl (D:4)
  A sky beast (D:5)
  2 ogres
  A centaur (D:5)
  A quasit (D:6)
  A hound (D:5)
  A centaur skeleton (D:5)
  A giant frog skeleton (D:4)
  2 worker ants (D:5)
  A hound zombie (D:5)
  7 gnolls
  6 adders
  2 oozes
  6 worms
  3 dart slugs
  2 giant geckos
  10 orcs
  7 bats
  3 giant cockroaches
  5 goblins
  3 hobgoblins
  7 jackals
  2 quokkas
  A giant gecko zombie (D:5)
  2 giant newts (D:2)
  8 kobolds
  2 quokka skeletons (D:4)
  9 rats
98 creatures vanquished.

Notes
Turn   | Place    | Note
-------+----------+-------------------------------------------
     0 | D:1      | CInkIbrahim the Octopode Gladiator began the quest for the Orb.
     0 | D:1      | Reached XP level 1. HP: 14/14 MP: 1/1
   156 | D:1      | Reached XP level 2. HP: 19/19 MP: 2/2
   360 | D:1      | Reached skill level 4 in Polearms
   670 | D:1      | Reached XP level 3. HP: 20/24 MP: 3/3
  1189 | D:2      | Found a glowing golden altar of the Shining One.
  1423 | D:2      | Found a sparkling altar of Nemelex Xobeh.
  1571 | D:2      | Reached XP level 4. HP: 23/29 MP: 4/4
  1893 | D:2      | Reached skill level 5 in Polearms
  2451 | D:3      | Reached XP level 5. HP: 33/34 MP: 5/5
  3236 | D:4      | Noticed CInkIbrahim's ghost (amateur OpGl)
  3265 | D:4      | Reached skill level 6 in Polearms
  3383 | D:4      | Killed CInkIbrahim's ghost
  3383 | D:4      | Reached skill level 7 in Polearms
  3383 | D:4      | Reached XP level 6. HP: 26/39 MP: 6/6
  3567 | D:4      | Noticed Menkaure
  3575 | D:4      | Killed Menkaure
  3575 | D:4      | Reached skill level 8 in Polearms
  3575 | D:4      | Reached XP level 7. HP: 31/45 MP: 7/7
  3744 | D:4      | Found a staircase to the Ecumenical Temple.
  3755 | Temple   | Entered the Ecumenical Temple
  3761 | Temple   | Became a worshipper of Dithmenos the Shadowed
  3896 | D:5      | Entered Level 5 of the Dungeon
  3921 | D:5      | HP: 1/45 [something (5)]
  4309 | D:5      | Found Muzytzat's Elemental Accessories.
  4405 | D:5      | Reached skill level 9 in Polearms
  4415 | D:5      | Found Igusk's Book Shoppe.
  4552 | D:5      | Found Burebb's Antique Weapon Shoppe.
  4613 | D:5      | Found Ruxoetaf's Assorted Antiques.
  4683 | D:5      | Found Uniojaq's Antique Weapon Boutique.
  4731 | D:5      | Reached XP level 8. HP: 26/50 MP: 8/8
  5064 | D:5      | Noticed a cacodemon
  5065 | D:5      | Found a burning altar of Makhleb.
  5068 | D:5      | Found a glowing silver altar of Zin.
  5068 | D:5      | Noticed an angel
  5282 | D:6      | Slain by an orc warrior

Vault maps used:
D:1:      minmay_arrival_four_circles, minivault_19
D:2:      kennysheep_big_flooded_room, nemelex_xobeh_ov_fountains_minmay,
          first_bread, tso_metal_star
D:4:      lemuel_another_geyser, uniq_menkaure
D:5:      grunt_temple_overflow_order_and_chaos_2, serial_shops,
          nicolae_shop_behind_doors, nicolae_shop_crystal,
          nicolae_shop_competitors_out_of_business, nicolae_shop_trees,
          nicolae_elemental_shop
D:6:      nicolae_gozag_seed_capital, minmay_misc_feat_ornament
Temple:   nicolae_temple_x_marks_the_god

Skill      XL: |  1  2  3  4  5  6  7 |
---------------+----------------------+-----
Polearms       | 4 5 7 8 9 |  9.7
Fighting       | |  2.0
Throwing       | |  2.0
Dodging        | |  3.0

Action                   |  1- 3 |  4- 6 |  7- 9 || total
-------------------------+-------+-------+-------++-------
Melee: Trident           |    59 |   126 |    36 ||   221
       Tentacles         |     8 |    18 |    23 ||    49
       Constrict         |    13 |    22 |    12 ||    47
       Halberd           |       |       |    44 ||    44
Throw: Throwing net      |       |     1 |       ||     1
  Use: Scroll            |     5 |       |       ||     5
       Potion            |       |       |     1 ||     1
 Stab: Sleeping          |     3 |    10 |     3 ||    16
       Held in net/web   |       |     1 |       ||     1
  Eat: Chunk             |     2 |     6 |     5 ||    13
       Fruit             |       |     1 |       ||     1
Armor: Skin              |     2 |    10 |     9 ||    21
Dodge: Dodged            |    37 |    55 |    47 ||   139
